 Dungeon Crawl Stone Soup version 0.29.1-4-g47bece8355 (webtiles) character file.

Game seed: 11298467320672069072

154 concernfroge the Trooper (level 5, -2/46 HPs)
             Began as a Mummy Monk on Dec 4, 2022.
             Splashed by a jelly's acid (5 damage)
             ... on level 4 of the Dungeon.
             The game lasted 00:04:50 (3573 turns).

concernfroge the Trooper (Mummy Monk)               Turns: 3573, Time: 00:04:50

Health: -2/46      AC: 10    Str: 16    XL:     5   Next: 13%
Magic:  5/5        EV:  7    Int: 10    God:
Gold:   163        SH:  0    Dex: 14    Spells: 4/4 levels left

rFire   x . .      SeeInvis .   a - +0 spear
rCold   + . .      Faith    .   (no shield)
rNeg    + + +      Spirit   .   b - +0 chain mail
rPois   ∞          Reflect  .   j - +0 helmet
rElec   .          Harm     .   i - +0 cloak
rCorr   .          Rampage  .   (no gloves)
Will    .....                   (no boots)
Stlth   ..........              (no amulet)
HPRegen 0.15/turn               (no ring)
MPRegen 0.09/turn               (no ring)

@: weak-willed
A: cold resistance 1, negative energy resistance 3, torment resistance 2, heat
vulnerability 1, in touch with death 1, no potions
a: no special abilities


You were on level 4 of the Dungeon.
You visited 1 branch of the dungeon, and saw 4 of its levels.

You collected 163 gold pieces.

Inventory:

Hand Weapons
 a - a +0 spear (weapon)
Missiles
 h - 2 poisoned darts (quivered)
 k - 6 javelins
 m - 5 silver javelins
Armour
 b - a +0 chain mail (worn)
 i - a +0 cloak (worn)
 j - a +0 helmet (worn)
Scrolls
 c - 3 scrolls of brand weapon {unknown}
 e - 3 scrolls of enchant weapon {unknown}
 f - a scroll of enchant armour {unknown}
 g - 2 scrolls of identify {unknown}
 l - a scroll of amnesia {unknown}


   Skills:
 + Level 5.9 Fighting
 - Level 2.4 Polearms
 - Level 2.4 Dodging
 - Level 1.5 Stealth


You had 4 spell levels left.
You didn't know any spells.
Your spell library was empty.

Dungeon Overview and Level Annotations

Branches:
Dungeon (4/15)
 Temple: D:4-7

Altars:
Makhleb


Innate Abilities, Weirdness & Mutations

You are immune to poison.
Your flesh is cold resistant. (rC+)
You are immune to negative energy. (rN+++)
You are immune to unholy pain and torment.
You are vulnerable to heat. (rF-)
You are in touch with the powers of death.
You do not drink.


Message History

You hit the jelly. The acid corrodes you!
Your hands burn!
The jelly is lightly wounded.
The jelly hits you but does no damage.
You barely miss the jelly. The jelly hits you but does no damage.
You hit the jelly but do no damage.
Your hands burn!
The jelly hits you but does no damage.
You hit the jelly.
Your hands burn!
The jelly is lightly wounded.
The jelly barely misses you.
You hit the jelly but do no damage.
Your hands burn!
The jelly is lightly wounded.
The jelly hits you.
You are splashed with acid!
You hit the jelly.
Your hands burn!
The jelly is moderately wounded.
The jelly barely misses you.
You are too injured to fight recklessly!
You are too injured to fight recklessly!
You hit the jelly.
Your hands burn!
The jelly is heavily wounded.
The jelly closely misses you.
You hit the jelly but do no damage.
Your hands burn!
* * * LOW HITPOINT WARNING * * *
The jelly is heavily wounded.
The jelly hits you but does no damage.
You hit the jelly.
Your hands burn!
* * * LOW HITPOINT WARNING * * *
The jelly is heavily wounded.
The jelly closely misses you.
You hit the jelly.
Your hands burn!
* * * LOW HITPOINT WARNING * * *
The jelly is heavily wounded.
The jelly hits you but does no damage. The jelly attacks as you move away!
The jelly hits you but does no damage.
As you read the scroll labelled MOONWY AMON, it crumbles to dust.
Magic quickly surges around you.
It was a scroll of vulnerability.
You are no longer corroded.
The jelly barely misses you.
You aren't carrying any items that you can evoke.
You hit the jelly.
Your hands burn!
You die...

...#######. #.#
...# #.# ...# ##
#.# ...###...#
#####.#####.P
.......# #
#..(........P
..####...# #.#
..#####.##. #.#
...........#.# #J#
#.#.....####.###@#
#.#.##...........#
#.#.##.#####.###.#
#.#.##.# #.# #.#
#.#.##.# #.# #.#
#.#.##.#####.###.#
#......!.........#
###.##.#####.###.#
#.##.# #.# #.#


You could see a jelly (weak-willed).

Vanquished Creatures
  Natasha (thrice) (D:3)
  2 worms (D:3)
  3 dart slugs
  4 orcs (D:3)
  3 endoplasms
  3 giant cockroaches
  6 goblins
  3 hobgoblins
  8 jackals
  3 quokkas
  A ball python (D:1)
  6 bats
  5 frilled lizards
  6 kobolds
  7 rats
63 creatures vanquished.

Notes
Turn   | Place    | Note
-------+----------+-------------------------------------------
     0 | D:1      | concernfroge the Mummy Monk began the quest for the Orb.
     0 | D:1      | Reached XP level 1. HP: 18/18 MP: 1/1
   360 | D:1      | Reached XP level 2. HP: 19/24 MP: 2/2
   624 | D:1      | Reached skill level 4 in Fighting
   950 | D:1      | Gained mutation: You are in touch with the powers of death.
                  | [Mummy growth]
   950 | D:1      | Reached XP level 3. HP: 30/30 MP: 3/3
  1128 | D:2      | Found a burning altar of Makhleb.
  2527 | D:3      | Reached XP level 4. HP: 32/38 MP: 4/4
  2618 | D:3      | Noticed Natasha
  2629 | D:3      | Killed Natasha
  2630 | D:3      | Reached skill level 5 in Fighting
  2659 | D:3      | Noticed Natasha
  2672 | D:3      | Killed Natasha
  2692 | D:3      | Noticed Natasha
  2700 | D:3      | Killed Natasha
  2701 | D:3      | Reached XP level 5. HP: 15/46 MP: 5/5
  3573 | D:4      | Splashed by a jelly's acid

Illustrated notes

Levels and vault maps discovered:
D:1:      lemuel_arrival_lava_pool, layout_loops_ring, st_stairs_12
D:2:      layout_basic, basic_altar
D:3:      layout_basic, eino_tiny_chamber, grunt_ministairs_15, uniq_natasha
D:4:      layout_loops_ring, mainiacjoe_overflow_boulevard,
          ebering_ghost_reflecting_pool, uniq_robin, uniq_menkaure

Skill      XL: |  1  2  3  4 |
---------------+-------------+-----
Fighting       | 4 5 |  5.9
Polearms       | |  2.4
Dodging        | |  2.4
Stealth        | |  1.5

Action                   |  1- 3 |  4- 6 || total
-------------------------+-------+-------++-------
Melee: Spear             |   176 |    80 ||   256
       Punch             |     3 |       ||     3
Throw: Dart              |     3 |     5 ||     8
       Javelin           |     2 |     6 ||     8
  Use: Scroll            |       |     1 ||     1
 Stab: Sleeping          |     3 |       ||     3
Armor: Robe              |     6 |       ||     6
       Chain mail        |    43 |    35 ||    78
       Ring mail         |    10 |       ||    10
Dodge: Dodged            |    76 |    24 ||   100
